AoeStats
← Da Zap

Pilgrims

508570911Analyzed
3v3 RM · 9d ago on Sep 23, 2026· 34m 22s· 6 players
Game mode
Random Map
Map size
Normal (6 player)
Population
200
Speed
Normal
Resources
Standard
Victory
Conquest
Starting age
Dark Age
Ending age
Imperial Age
RankedLock teamsTeams togetherTeam positionsShared explorationLock speedFull tech treeHidden civsTurbo modeCheats
Victory
Defeat
🇺🇸 Varangians · United States
907
+12
🇺🇸 Japanese · United States
813
+16
🇦🇷 Khmer · Argentina
791
+16
🇧🇷 Goths · Brazil
842
-16
🇧🇷 Vikings · Brazil
829
-16
🇧🇷 Franks · Brazil
744
-12
TERRORGAMER2141___
21:59 Feudal Age
22:29 Double-Bit Axe
22:54 Gold Mining
29:30 Castle Age
Gadega
4:00 Loom
13:06 Feudal Age
13:34 Double-Bit Axe
18:38 Castle Age
18:23 Stone Mining
18:27 Gold Mining
23:34 Horse Collar
26:20 Fishing Lines
28:01 Heavy Plow
28:31 Bow Saw
33:53 Anarchy
R4M0S
9:53 Loom
15:02 Feudal Age
18:24 Man-at-Arms
21:22 Scale Mail Armor
33:32 Castle Age
34:18 Double-Bit Axe
MR WOODY
13:13 Feudal Age
18:59 Fishing Lines
23:30 Castle Age
21:45 Gold Mining
21:50 Stone Mining
21:56 Double-Bit Axe
22:12 Horse Collar
24:47 Gold Shaft Mining
24:34 Bow Saw
24:19 Gillnets
29:43 Imperial Age
31:13 Forging
31:11 Scale Mail Armor
Da Zap
8:46 Loom
11:14 Feudal Age
12:54 Man-at-Arms
15:31 Wheelbarrow
14:42 Town Watch
17:23 Scale Barding Armor
17:35 Forging
19:31 Castle Age
18:28 Bloodlines
19:42 Fletching
20:51 Iron Casting
21:07 Husbandry
24:26 Hand Cart
25:33 Double-Bit Axe
25:47 Fishing Lines
26:52 Horse Collar
29:53 Bow Saw
29:49 Town Patrol
32:03 Chain Barding Armor
35:25 Imperial Age
nicolas.e.delgadillo96
12:49 Feudal Age
12:07 Loom
18:18 Castle Age
16:48 Double-Bit Axe
16:44 Horse Collar
17:50 Forging
17:45 Scale Barding Armor
18:31 Bloodlines
20:16 Husbandry
25:40 Chain Barding Armor
28:44 Iron Casting
28:44 Bow Saw
28:35 Heavy Plow
33:03 Wheelbarrow
Connection lost

Rejoining the realm…

Still unreachable

The connection could not be restored.

Session expired

The server has moved on; the page needs a fresh start.